 Dungeon Crawl Stone Soup version 0.25.1-2-g60ff931df9 (webtiles) character file.

Game seed: 17936195074207680794

57 Ruokin the Shield-Bearer (level 4, -4/35 HPs)
             Began as a Human Fighter on Aug 21, 2020.
             Was an Initiate of Okawaru.
             Slain by a sky beast (5 damage)
             ... on level 2 of the Dungeon.
             The game lasted 00:10:40 (1851 turns).

Ruokin the Shield-Bearer (Human Fighter)            Turns: 1851, Time: 00:10:41

Health: -4/35      AC: 10    Str: 18    XL:     4   Next: 18%
Magic:  4/4        EV:  5    Int:  8    God:    Okawaru [......]
Gold:   148        SH:  9    Dex: 12    Spells: 3/3 levels left

rFire    . . .     SeeInvis .   a - +0 long sword
rCold    . . .     Gourm    .   c - +0 kite shield
rNeg     . . .     Faith    .   h - +0 chain mail
rPois    .         Spirit   .   (no helmet)
rElec    .         Reflect  .   (no cloak)
rCorr    .         Harm     .   k - +0 pair of gloves
MR       .....                  (no boots)
Stlth    ..........             (no amulet)
HPRegen  0.11/turn              (no ring)
MPRegen  0.09/turn              (no ring)

@: no status effects
A: no striking features
a: Renounce Religion


You were on level 2 of the Dungeon.
You worshipped Okawaru.
Okawaru was noncommittal.
You were not hungry.

You visited 1 branch of the dungeon, and saw 3 of its levels.

You collected 148 gold pieces.

Inventory:

Hand Weapons
 a - a +0 long sword (weapon)
Armour
 b - a +0 scale mail
 c - a +0 kite shield (worn)
 h - a +0 chain mail (worn)
 k - a +0 pair of gloves (worn)
Scrolls
 i - 2 scrolls of blinking {unknown}
 l - a scroll of teleportation {unknown}
 m - a scroll of identify {unknown}
 n - a scroll of fear {unknown}
 o - a scroll of enchant armour {unknown}
Potions
 d - a potion of might
 e - a potion of lignification {unknown}
 j - 2 potions of curing {unknown}
 p - a potion of degeneration {unknown}
Comestibles
 f - 4 rations


   Skills:
 * Level 3.4 Fighting
 + Level 2.6 Long Blades
 + Level 3.3 Armour
 * Level 3.8 Shields


You had 3 spell levels left.
You didn't know any spells.
Your spell library was empty.

Dungeon Overview and Level Annotations

Branches:
Dungeon (3/15)

Altars:
Elyvilon
Okawaru
Sif Muna
Xom
Zin


Message History

The sky beast is severely wounded.
The sky beast hits you but does no damage.
You hit the sky beast.
The sky beast is almost dead.
You block the sky beast's attack.
The sky beast flickers out of sight!
Deactivating autopickup; reactivate with Ctrl-A.
Something hits you. Something shocks you.
There are monsters nearby!
Your shield prevents you from hitting something.
Something completely misses you.
All of the chunks of flesh in your inventory have rotted away.
You miss something. Something hits you.
* * * LOW HITPOINT WARNING * * *
Something shocks you.
* * * LOW HITPOINT WARNING * * *
You miss something.
Something hits you but does no damage. x2
You barely miss something. Something hits you.
* * * LOW HITPOINT WARNING * * *
Something shocks you.
You die...

........#.....#
#.#.#
......#.#..##.#
#.#.#
'######....##.###
#.#.#
......#.........#
#.#.#
..##.##...#.###.##
#.#.#
...#.##..>...##.o#
#.#.#
#..#############S#
#.#.# #..# ##_#
#{# #.#.# #..#
8...8##@# #.#(#
#..# .....##.#
#.#.# ##.#
.....8#.# #.#.#
#### .....####
#.#.# ## 8...8##
#.#.# ##_## #.#.#
## #.#.# #.#.#
#.#.#


You could see an adder and an orc.

Vanquished Creatures
  An adder (D:2)
  2 worms (D:2)
  A dart slug (D:1)
  A leopard gecko (D:1)
  2 giant cockroaches
  2 goblins (D:1)
  7 hobgoblins
  3 jackals (D:1)
  5 kobolds
  5 bats
  7 frilled lizards
  2 rats (D:2)
38 creatures vanquished.

Vanquished Creatures (others)
  4 toadstools (D:2)
4 creatures vanquished.

Grand Total: 42 creatures vanquished

Notes
Turn   | Place    | Note
-------+----------+-------------------------------------------
     0 | D:1      | Ruokin the Human Fighter began the quest for the Orb.
     0 | D:1      | Reached XP level 1. HP: 18/18 MP: 1/1
   120 | D:1      | Reached XP level 2. HP: 24/24 MP: 2/2
   121 | D:1      | Found an iron altar of Okawaru.
   220 | D:1      | Became a worshipper of Warmaster Okawaru
   806 | D:1      | Reached XP level 3. HP: 28/29 MP: 3/3
  1101 | D:2      | Found a glowing silver altar of Zin.
  1102 | D:2      | Found a shimmering blue altar of Sif Muna.
  1443 | D:2      | Reached XP level 4. HP: 35/35 MP: 4/4
  1795 | D:2      | Found a white marble altar of Elyvilon.
  1797 | D:2      | Found a shimmering altar of Xom.
  1816 | D:3      | Noticed a sky beast
  1851 | D:2      | HP: 1/35 [something (3)]
  1851 | D:2      | Slain by a sky beast

Illustrated notes

Levels and vault maps discovered:
D:1:      zaba_arrival_water, layout_rooms, okawaru_ov_weapons_minmay
D:2:      layout_basic, gammafunk_temple_overflow_statue,
          nicolae_overflow_hidden_temple, first_ration, chequers_hall_statues_y,
          moated_statue, minmay_gold_behind_fungi, small_statue_intersection
D:3:      layout_rooms, nicolae_overflow_crystal_walls, wad_rectangle_vault,
          uniq_natasha

Action                   |  1- 3 |  4- 6 || total
-------------------------+-------+-------++-------
Melee: Long sword        |   113 |    32 ||   145
  Use: Potion            |     1 |       ||     1
  Eat: Ration            |     1 |       ||     1
Armor: Scale mail        |    30 |       ||    30
       Chain mail        |    15 |    28 ||    43
Dodge: Dodged            |    27 |     6 ||    33
Block: Kite shield       |    66 |    10 ||    76
       Rpst.: Long sword |     8 |     2 ||    10
